 Dungeon Crawl Stone Soup version 0.21-a0-498-g1b60429 (webtiles) character file.

1776 rjrrt the Cleaver (level 8, -5/73 HPs)
             Began as a Minotaur Fighter on Nov 24, 2017.
             Was an Initiate of Okawaru.
             Slain by a two-headed ogre
             ... wielding a +0 giant club
              (13 damage)
             ... on level 7 of the Dungeon.
             The game lasted 00:12:14 (6669 turns).

rjrrt the Cleaver (Minotaur Fighter)                Turns: 6669, Time: 00:12:15

Health: -5/73      AC:  7    Str: 28    XL:     8   Next: 81%
Magic:  8/8        EV:  8    Int:  5    God:    Okawaru [......]
Gold:   392        SH: 11    Dex: 10    Spells: 7/7 levels left

rFire    . . .     SeeInvis .   a - +0 war axe
rCold    . . .     Gourm    .   l - +0 shield
rNeg     . . .     Faith    .   m - +0 scale mail
rPois    .         Spirit   .   (helmet restricted)
rElec    .         Reflect  .   (no cloak)
rCorr    .         Harm     .   (no gloves)
MR       .....                  (no boots)
Stlth    ..........             (no amulet)
HPRegen  0.22/turn              (no ring)
MPRegen  0.11/turn              (no ring)

@: mighty
A: retaliatory headbutt, horns 2
a: Renounce Religion


You were on level 7 of the Dungeon.
You worshipped Okawaru.
Okawaru was noncommittal.
You were not hungry.

You visited 2 branches of the dungeon, and saw 8 of its levels.
You also visited: Sewer.

You collected 392 gold pieces.

Inventory:

Hand Weapons
 a - a +0 war axe (weapon)
 b - a +0 hunting sling
 c - a +0 blowgun
 j - a +0 flail
 y - a +0 spear of venom
Missiles
 n - 53 stones
 p - 42 sling bullets
 r - 62 poisoned needles
 B - 7 javelins (quivered)
Armour
 l - a +0 shield (worn)
 m - a +0 scale mail (worn)
Wands
 t - a wand of digging (11)
 C - a wand of acid (7)
 E - a wand of iceblast (12)
 I - a wand of paralysis (9)
Scrolls
 e - a scroll of fear {unknown}
 i - 2 scrolls of random uselessness {unknown}
 k - 3 scrolls of teleportation {unknown}
 s - a scroll of magic mapping {unknown}
 u - 2 scrolls of identify
 v - 2 scrolls of remove curse {unknown}
 w - 2 scrolls of amnesia {unknown}
 D - a scroll of enchant armour {unknown}
 F - a scroll of vulnerability {unknown}
Potions
 d - a potion of might
 g - 11 potions of curing
 o - a potion of mutation
 q - a potion of haste
 z - 2 potions of flight
 A - a potion of lignification
 G - 2 potions of heal wounds
 H - 2 potions of agility
Comestibles
 f - 4 bread rations
 h - 4 meat rations
 x - a fruit
 J - a royal jelly
 K - 3 chunks of flesh


   Skills:
 + Level 7.0 Fighting
 * Level 8.8 Axes
 + Level 7.0 Armour
 + Level 6.9 Shields
 + Level 1.7 Invocations


You had 7 spell levels left.
You didn't know any spells.

Dungeon Overview and Level Annotations

Branches:
Dungeon (7/15)             Temple (1/1) D:6

Altars:
Dithmenos
Fedhas
Gozag
Hepliaklqana
Kikubaaqudgha
Makhleb
Nemelex Xobeh
Okawaru
Qazlal
Ru
Sif Muna
Trog
Uskayaw
Wu Jian
Zin

Annotations:
D:6 hofi's ghost, novice MiBe
D:7 Pikel


Innate Abilities, Weirdness & Mutations

You reflexively headbutt those who attack you in melee.
You have a pair of horns on your head.


Message History

The bullfrog skeleton moves out of view.
The ice beast hits you but does no damage.
You slash the ice beast! Your headbutt misses the ice beast.
The ice beast is almost dead.
The ice beast closely misses you. You furiously retaliate!
You headbutt the ice beast!
You kill the ice beast!
Okawaru accepts your kill.
Your Fighting skill increases to level 7!
Your Armour skill increases to level 7!
A two-headed ogre comes into view.
It is wielding a giant club and a giant spiked club.
You slice the two-headed ogre!!
The two-headed ogre is moderately wounded.
The two-headed ogre hits you with a giant club!!
* * * LOW HITPOINT WARNING * * *
You block the two-headed ogre's attack.
You slash the two-headed ogre!
The two-headed ogre is severely wounded.
The two-headed ogre hits you with a giant club!
You die...

##.#.#.#.##
#.#.....#.#
#..#.#.#..#
#.#.....#.#
##.#.#.#.##
#...#.#...#
##.#...#.##
####.####
#.@##
#..##OK# ##
##..# #.#
..


You could see a two-headed ogre and Pikel.

Vanquished Creatures
  Eustachio (D:6)
  An ice beast (D:7)
  A necrophage (D:6)
  An ogre (D:6)
  A phantom (D:6)
  A centaur (D:7)
  A big kobold (Sewer)
  A bullfrog (D:6)
  2 howler monkeys
  2 crimson imps
  2 jellies
  A centaur skeleton (D:7)
  8 hounds
  An iguana (D:4)
  Terence (D:2)
  Natasha (thrice) (D:3)
  9 worker ants
  An orc wizard (D:3)
  A hound skeleton (D:5)
  2 river rats (Sewer)
  8 adders
  An ooze (Sewer)
  2 dart slugs
  3 leopard geckos
  8 orcs
  5 giant cockroaches
  7 goblins
  6 hobgoblins
  10 jackals
  20 kobolds
  2 quokkas
  6 ball pythons
  A ball python zombie (D:5)
  2 bats
  6 frilled lizards
  A quokka skeleton (D:4)
  44 rats
173 creatures vanquished.

Notes
Turn   | Place    | Note
-------+----------+-------------------------------------------
     0 | D:1      | rjrrt the Minotaur Fighter began the quest for the Orb.
     0 | D:1      | Reached XP level 1. HP: 19/19 MP: 0/0
   119 | D:1      | Reached XP level 2. HP: 25/27 MP: 1/1
   356 | D:1      | Reached skill level 3 in Axes
   667 | D:2      | Reached XP level 3. HP: 23/33 MP: 2/2
   874 | D:2      | Noticed Terence
   884 | D:2      | Killed Terence
   884 | D:2      | Reached skill level 4 in Axes
   884 | D:2      | Reached XP level 4. HP: 27/40 MP: 3/3
  1067 | D:2      | Found a sparkling altar of Nemelex Xobeh.
  1494 | D:2      | Found a glowing silver altar of Zin.
  1730 | D:3      | Reached XP level 5. HP: 45/47 MP: 4/4
  1794 | D:3      | Noticed Natasha
  1801 | D:3      | Killed Natasha
  1858 | D:3      | Noticed Natasha
  1864 | D:3      | Killed Natasha
  2621 | D:3      | Reached skill level 5 in Axes
  2926 | D:3      | Noticed Natasha
  2945 | D:3      | Killed Natasha
  2945 | D:3      | Reached XP level 6. HP: 21/55 MP: 5/5
  3279 | D:4      | Reached skill level 5 in Fighting
  3279 | D:4      | Reached skill level 5 in Shields
  3303 | D:4      | Reached skill level 5 in Armour
  3888 | D:4      | Reached skill level 6 in Axes
  4109 | D:5      | Entered Level 5 of the Dungeon
  4185 | D:5      | Reached XP level 7. HP: 61/61 MP: 6/6
  4308 | D:5      | Found a glowing drain.
  4392 | Sewer    | Entered a sewer
  5182 | D:6      | Reached skill level 7 in Axes
  5210 | D:6      | Noticed Eustachio
  5222 | D:6      | Killed Eustachio
  5222 | D:6      | Reached XP level 8. HP: 64/70 MP: 7/7
  5447 | D:6      | Reached skill level 8 in Axes
  5472 | D:6      | Found a staircase to the Ecumenical Temple.
  5483 | Temple   | Entered the Ecumenical Temple
  5507 | Temple   | Became a worshipper of Warmaster Okawaru
  5543 | D:6      | Noticed hofi's ghost (novice MiBe)
  6435 | D:7      | Reached skill level 1 in Invocations
  6665 | D:7      | Noticed Pikel
  6668 | D:7      | Noticed a two-headed ogre
  6669 | D:7      | Slain by a two-headed ogre

Vault maps used:
D:1:      sevenhm_arrival_forest_fort_large_3, minmay_pentomino_s2
D:2:      nicolae_overflow_crystal_walls, first_bread,
          nemelex_xobeh_ov_fountains_minmay, uniq_terence
D:3:      uniq_natasha
D:4:      minmay_rat_hole
D:5:      cheibrodos_sewer_entry_drain
D:6:      minmay_temple_entry_statues_fountains, trog_hazing_becter,
          uniq_eustachio
D:7:      minmay_the_grid_2x2, uniq_pikel, uniq_joseph, uniq_duvessa,
          uniq_prince_ribbit1
Temple:   nicolae_temple_the_god_donut
Sewer:    sewer_minmay_treatment

Skill      XL: |  1  2  3  4  5  6  7  8 |
---------------+-------------------------+-----
Axes           | 3 4 5 6 7 8 |  8.8
Fighting       | 4 5 6 7 |  7.0
Armour         | 4 5 6 7 |  7.0
Shields        | 4 5 6 |  6.9
Invocations    | 1 |  1.7

Action                   |  1- 3 |  4- 6 |  7- 9 || total
-------------------------+-------+-------+-------++-------
Melee: War axe           |    49 |   181 |   195 ||   425
       Headbutt          |    13 |    21 |    22 ||    56
  Use: Scroll            |       |     4 |     3 ||     7
       Potion            |       |       |     1 ||     1
  Eat: Chunk             |       |    10 |     9 ||    19
Armor: Scale mail        |    21 |    52 |    75 ||   148
Dodge: Dodged            |    23 |    43 |    61 ||   127
Block: Shield            |    21 |    91 |    90 ||   202

Table legend:
 A = Spawn XP
 B = Non-spawn XP
 C = Spawn XP percentage of total XP
 D = Spawn monster count
 E = Non-spawn monster count
 F = Spawn count percentage of total count
 G = Total turns spent on level
                    A         B        C        D         E        F      G
               +---------+---------+-------+---------+---------+-------+---------
         Total |       0 |    2538 |   0.0 |       0 |     173 |   0.0 |  6669
               +---------+---------+-------+---------+---------+-------+---------
           D:1 |       0 |      33 |   0.0 |       0 |      18 |   0.0 |   659
           D:2 |       0 |     123 |   0.0 |       0 |      16 |   0.0 |  1036
           D:3 |       0 |     222 |   0.0 |       0 |      23 |   0.0 |  1412
           D:4 |       0 |     330 |   0.0 |       0 |      30 |   0.0 |  1002
           D:5 |       0 |     245 |   0.0 |       0 |      15 |   0.0 |   755
           D:6 |       0 |     953 |   0.0 |       0 |      16 |   0.0 |   926
           D:7 |       0 |     425 |   0.0 |       0 |       7 |   0.0 |   279
         Sewer |       0 |     207 |   0.0 |       0 |      48 |   0.0 |   551
               +---------+---------+-------+---------+---------+-------+---------
